 Dungeon Crawl Stone Soup version 0.17-a0-2098-gf59d6bc (webtiles) character file.

186 knightlybrigand the Magician (level 5, -5/28 HPs)
             Began as a Deep Elf Fire Elementalist on Oct 17, 2015.
             Killed from afar by Zebura's ghost (7 damage)
             ... with a zap
             ... on level 3 of the Dungeon.
             The game lasted 00:18:47 (2781 turns).

knightlybrigand the Magician (DEFE)                 Turns: 2781, Time: 00:18:48

Health: -5/28      AC:  3    Str:  5    XL:     5   Next: 38%
Magic:  8/14       EV: 18    Int: 21    God:
Gold:   182        SH:  0    Dex: 20    Spells: 4 memorised, 2 levels left

rFire  . . .     SeeInvis .     i - -3 hunting sling (curse)
rCold  . . .     Clarity  .     a - +0 robe
rNeg   . . .     SustAt   .     (no shield)
rPois  .         Gourm    .     h - +0 helmet
rElec  .         Spirit   .     (no cloak)
rCorr  .         Warding  .     (no gloves)
rMut   .         Stasis   .     (no boots)
MR     .....                    (no amulet)
Stlth  +++.......               (no ring)
                                (no ring)

@: agile, not resistant to hostile enchantments, fairly stealthy
A: no striking features
a: no special abilities


You were on level 3 of the Dungeon.
You were not hungry.

You visited 1 branch of the dungeon, and saw 3 of its levels.

You collected 182 gold pieces.

Inventory:

Hand Weapons
 e - a +0 dagger
 i - a cursed -3 hunting sling (weapon)
Armour
 a - a +0 robe (worn)
 h - a +0 helmet (worn)
Scrolls
 f - 2 scrolls of magic mapping
Potions
 d - a potion of ambrosia
Books
 b - a book of Flames

   Spells                             Type                      Level
   a - Flame Tongue                   Conjuration/Fire             1
   b - Throw Flame                    Conjuration/Fire             2
   c - Conjure Flame                  Conjuration/Fire             3
   d - Inner Flame                    Hexes/Fire                   3
   e - Sticky Flame                   Conjuration/Fire             4
   f - Fireball                       Conjuration/Fire             5
Comestibles
 c - 2 bread rations
 l - a meat ration


   Skills:
 - Level 2.4 Dodging
 - Level 2.4 Stealth
 * Level 4.6 Spellcasting
 * Level 3.8 Conjurations
 * Level 4.6 Fire Magic


You had 2 spell levels left.
You knew the following spells:

 Your Spells              Type           Power        Failure   Level  Hunger
a - Flame Tongue          Conj/Fire      ###..        1%          1    None
b - Conjure Flame         Conj/Fire      ###.....     10%         3    ##.....
c - Inner Flame           Hex/Fire       ##......     17%         3    ##.....
d - Sticky Flame          Conj/Fire      ###.....     24%         4    ####...


Dungeon Overview and Level Annotations

Branches:
Dungeon (3/15)

Altars:
Kikubaaqudgha
Qazlal
Sif Muna

Annotations:
D:3 Zebura's ghost, weakling HOAE


Message History

* * * LOW HITPOINT WARNING * * *
Read which item? (? for menu, Esc to quit)
Okay, then.
Drink which item? (? for menu, Esc to quit)
It was a potion of agility.
You feel agile all of a sudden. Zebura's ghost hits you.
* * * LOW HITPOINT WARNING * * *
You see here 22 stones.
Zebura's ghost casts a spell at you. The zap misses you.
Zebura's ghost casts a spell at you. The zap hits you!
* * * LOW HITPOINT WARNING * * *
Zebura's ghost screams, "To die, to sleep, no more."
Zebura's ghost points at you and mumbles some strange words.
The zap misses you.
Zebura's ghost gestures at you while chanting.
The zap hits you!
You die...

.'...'..#
#..#.<..)....#.......
.#...#..#
##...........###...#.
##...#####+#
##.......#........##
.#...#.....+
#.......†....##.##
.#...#.....#
#..).......W.##.#
.'...'.....#
#......W#.......#
.#...#.....#
#.......##......#
.#...#.....+
#.......##.......#
##...#####+#
#.@.....##........#
.#...#..#
#...###########...#.#
÷'..^†..# #.##
.......
##...#######..#
........
##.##.........
.#####..
#............
####........>
##.........
#..######.#


You could see Zebura's ghost.

Vanquished Creatures
  Ijyb (D:2)
  Robin (D:2)
  6 adders
  5 worms
  5 giant geckos
  An orc (D:3)
  4 ball pythons
  3 giant cockroaches
  15 goblins
  10 hobgoblins
  4 kobolds
  A quokka (D:2)
  10 bats
  2 giant newts
  9 rats
77 creatures vanquished.

Vanquished Creatures (others)
  A quokka (D:2)
1 creature vanquished.

Grand Total: 78 creatures vanquished

Notes
Turn   | Place    | Note
--------------------------------------------------------------
     0 | D:1      | knightlybrigand the Deep Elf Fire Elementalist began the quest for the Orb.
     0 | D:1      | Reached XP level 1. HP: 10/10 MP: 6/6
   416 | D:1      | Reached XP level 2. HP: 15/15 MP: 6/8
   942 | D:2      | Reached XP level 3. HP: 16/19 MP: 1/10
  1052 | D:1      | Learned a level 3 spell: Conjure Flame
  1056 | D:1      | Learned a level 3 spell: Inner Flame
  1077 | D:2      | Noticed Ijyb
  1089 | D:2      | Reached skill level 4 in Spellcasting
  1185 | D:2      | Killed Ijyb
  1246 | D:2      | Found a stormy altar of Qazlal.
  1303 | D:2      | Reached XP level 4. HP: 24/24 MP: 9/12
  1484 | D:2      | Noticed Robin
  1491 | D:2      | Killed Robin
  1850 | D:2      | Found an ancient bone altar of Kikubaaqudgha.
  1850 | D:2      | Found a deep blue altar of Sif Muna.
  1895 | D:3      | Noticed Zebura's ghost (weakling HOAE)
  2438 | D:3      | Reached XP level 5. HP: 28/28 MP: 10/13
  2452 | D:3      | Learned a level 4 spell: Sticky Flame
  2781 | D:3      | Killed from afar by Zebura's ghost

Vault maps used:
D:1:      dpeg_arrival_tiny_d, st_stairs_11
D:2:      nicolae_qazlal_eye_of_the_storm, amethyst_overflow_temple_binary,
          minivault_26, uniq_iyjb, uniq_robin
D:3:      nicolae_tso_swordbearing_angel, minmay_snake_closets

Action                   |  1- 3 |  4- 6 || total
-------------------------+-------+-------++-------
 Cast: Flame Tongue      |    65 |   115 ||   180
  Use: Scroll            |     5 |       ||     5
       Potion            |       |     2 ||     2
  Eat: Chunk             |     1 |     5 ||     6
